 Dungeon Crawl Stone Soup version 0.31-a0-233-g139696dc86 (webtiles) character file.

Game seed: 15033459113138516316

20883 avis the Missionary (level 12, -1/150 HPs)
             Began as a Hill Orc Fighter on July 6, 2023.
             Was a Priest of Beogh.
             Slain by a troll (10 damage)
             ... on level 11 of the Dungeon on July 8, 2023.
             The game lasted 01:27:46 (13298 turns).

avis the Missionary (Hill Orc Fighter)             Turns: 13298, Time: 01:27:46

Health: -1/150     AC: 26    Str: 28    XL:     12   Next: 84%
Magic:  23/25      EV:  2    Int:  7    God:    Beogh [***...]
Gold:   847        SH:  5    Dex:  9    Spells: 12/15 levels left

rFire   . . .        a - +0 war axe (flame)
rCold   . . .        c - +0 buckler
rNeg    . . .        d - melded +0 troll leather armour
rPois   +            l - melded +1 helmet
rElec   .            i - melded +0 cloak
rCorr   .            A - melded +0 pair of gloves
SInv    .            C - melded +0 pair of boots
Will    .....        N - amulet of faith
Stlth   +            v - ring of poison resistance
HPRegen 0.45/turn    L - ring of wizardry
MPRegen 0.19/turn

%: faith, wizardry (x1)
@: tree-form
A: stationary, stasis, torment immunity, boosted hp, deterioration 1, screaming
1, (shaggy fur 1), strong 1
a: Renounce Religion, Smiting


You were on level 11 of the Dungeon.
You worshipped Beogh.
Beogh was most pleased with you.
You were a tree.
You visited 3 branches of the dungeon, and saw 14 of its levels.

You collected 934 gold pieces.
You spent 87 gold pieces at shops.

Inventory:

Hand Weapons
 a - a +0 war axe of flaming (weapon)
 b - a +2 sling of freezing
 w - a +4 flail
 J - a +2 flail of holy wrath
 P - a +0 orcbow
 Q - a +2 dagger of venom
 T - a +2 short sword of venom
Missiles
 F - 22 poisoned darts
 G - 11 boomerangs
 H - a curare-tipped dart
Armour
 c - a +0 buckler (worn)
 d - a +0 troll leather armour (melded)
 i - a +0 cloak (melded)
 l - a +1 helmet (melded)
 m - +1 acid dragon scales
 A - a +0 pair of gloves (melded)
 C - a +0 pair of boots (melded)
 E - a +0 chain mail
 I - a +0 chain mail
 R - a +0 chain mail
 S - +0 acid dragon scales
Jewellery
 j - a ring of see invisible
 k - a ring of positive energy
 t - a +5 ring of evasion
 u - a ring of protection from fire
 v - a ring of poison resistance (left branch)
 L - a ring of wizardry (right branch)
 N - an amulet of faith (around neck)
Wands
 o - a wand of polymorph (16)
 B - a wand of digging (4)
 O - a wand of mindburst (8)
Scrolls
 g - a scroll of butterflies
 y - a scroll of blinking
 D - 3 scrolls of fog
 K - a scroll of poison
 M - 3 scrolls of teleportation
 W - a scroll of immolation
Potions
 f - 8 potions of curing
 h - a potion of ambrosia
 n - 2 potions of brilliance
 p - a potion of haste {unknown}
 q - 2 potions of cancellation
 r - a potion of berserk rage {unknown}
 s - a potion of invisibility
 x - a potion of magic {unknown}
 z - 3 potions of enlightenment
Miscellaneous
 Z - a piece from Xom's chessboard (11/15)


   Skills:
 - Level 7.0 Fighting
 - Level 16.0 Axes
 - Level 7.0 Armour
 - Level 7.0 Shields
 - Level 2.0 Spellcasting
 + Level 4.1 Summonings
 + Level 18.2 Invocations


You had 12 spell levels left.
You knew the following spells:

 Your Spells              Type           Power      Damage    Failure   Level
d - Call Canine Familiar  Summ           6%         N/A       10%         3

Your spell library contained the following spells:

 Spells                   Type           Power      Damage    Failure   Level
 Summon Small Mammal      Summ           24%        N/A       3%          1
 Sandblast                Erth           0%         2d4       17%         1
 Summon Guardian Golem    Hex/Summ       3%         N/A       22%         3
 Lesser Beckoning         Tloc           0%         N/A       26%         2
 Passwall                 Tmut/Erth      0%         N/A       26%         2
 Static Discharge         Conj/Air       0%         2-2/arc   26%         2
 Frozen Ramparts          Ice            0%         1d1       45%         3
 Gell's Gravitas          Tloc           0%         N/A       45%         3
 Ozocubu's Armour         Ice            0%         N/A       45%         3
 Portal Projectile        Hex/Tloc       0%         N/A       45%         3
 Stone Arrow              Conj/Erth      0%         3d7       45%         3
 Teleport Other           Tloc           0%         N/A       45%         3
 Tukima's Dance           Hex            0%         N/A       45%         3
 Summon Ice Beast         Ice/Summ       3%         N/A       56%         4
 Summon Lightning Spire   Summ/Air       3%         N/A       56%         4
 Airstrike                Air            0%         2d(0-16)  83%         4
 Ice Form                 Ice/Tmut       0%         N/A       83%         4
 Leda's Liquefaction      Hex/Erth       0%         N/A       83%         4
 Summon Forest            Summ/Tloc      1%         N/A       88%         5
 Summon Mana Viper        Hex/Summ       3%         N/A       88%         5
 Blade Hands              Tmut           0%         N/A       99%         5
 Summon Cactus Giant      Summ           3%         N/A       99%         6
 Conjure Ball Lightning   Conj/Air       0%         3x3d6     100%        6
 Ozocubu's Refrigeration  Ice            0%         4d7       100%        7
 Borgnjor's Revivificati  Necr           0%         N/A       100%        8
 Discord                  Hex            0%         N/A       100%        8
 Disjunction              Tloc           0%         N/A       100%        8
 Necromutation            Tmut/Necr      0%         N/A       100%        8
 Death's Door             Necr           0%         N/A       100%        9


Dungeon Overview and Level Annotations

Branches:
Dungeon (11/15)            Temple (1/1) D:5            Lair (2/5) D:9
  Swamp: Lair:2-3    Shoals: Lair:2-3     Snake: Lair:2-3    Spider: Lair:2-3
    Orc: D:9-12

Altars:
Dithmenos
Elyvilon
Fedhas
Kikubaaqudgha
Makhleb
Sif Muna
Uskayaw
Vehumet
Xom
Zin

Shops:
D:1 [   D:3 *   D:6 *

Annotations:
D:10 Stuff on other side of small moat


Innate Abilities, Weirdness & Mutations

You are a tree.
Your roots penetrate the ground, keeping you stationary.
You cannot be teleported.
You are immune to unholy pain and torment.
Your maximum health is greatly increased.
Your equipment is partially melded.
Your body sometimes deteriorates upon taking damage.
You occasionally shout uncontrollably at your foes.
((You are covered in fur. (AC +1)))
Your muscles are strong. (Str +4, Int/Dex -1)


Message History

The troll claws you.
* * * LOW HITPOINT WARNING * * *
The troll claws you.
* * * LOW HITPOINT WARNING * * *
You feel your strength returning.
Your piece from Xom's chessboard (11/15) has regained one charge.
Training target 7.0 for Armour reached!
Your Armour skill increases to level 7!
You slash the troll! You burn the troll.
The troll is heavily wounded.
The troll bites you.
* * * LOW HITPOINT WARNING * * *
The troll barely misses you. The troll closely misses you.
You slash the troll! You burn the troll.
You kill the troll!
Beogh accepts your kill.
Your Summonings skill increases to level 4!
You slash the troll! You burn the troll.
The troll is moderately wounded.
The troll closely misses you. The troll claws you!
* * * LOW HITPOINT WARNING * * *
The troll misses you.
You feel better. The troll barely misses you. The troll closely misses you.
The troll claws you but does no damage.
Really quaff the potion of lignification?
You turn into a tree.
Your +0 cloak melds into your body.
Your +1 helmet melds into your body.
Your +0 pair of gloves melds into your body.
Your +0 pair of boots melds into your body.
Your +0 troll leather armour melds into your body.
Your roots penetrate the ground.
You feel yourself speed up. The troll bites you!
* * * LOW HITPOINT WARNING * * *
The troll claws you.
* * * LOW HITPOINT WARNING * * *
The troll claws you.
* * * LOW HITPOINT WARNING * * *
The troll bites you but does no damage. The troll claws you!
You die...

.......# #........
...##<.###.#####.#
#.###>........##.#
#........#.##.##.#
#####....#.##.##)#####.#
# #.........).))......
## #...##.##.##)#####.#
.####...##.##.##)#
..............##♣#
.#####.....##.##T#
.......######..Q#)~≈≈≈~~
.#####.# ##.. ).####. .#
.# ##. ..# .# .. ~) ..#
.# ## ~. ... .# .~# #...
.# #~ ...


You could see a troll and a tengu conjurer.

Vanquished Creatures
  3 two-headed ogres
  2 boulder beetles (D:11)
  Lodul (D:10)
  A manticore (D:10)
  Joseph (D:9)
  2 cane toads
  An unseen horror (D:10)
  2 kobold demonologists
  4 trolls
  12 blink frogs
  27 yaks
  A wraith (D:11)
  2 steam dragons
  Edmund (D:6)
  4 acid dragons
  8 water moccasins
  A black bear (D:9)
  3 orc warriors
  7 wolves
  An ice beast (D:3)
  A phantom (D:6)
  11 ogres
  7 centaurs
  3 kobold brigands (D:9)
  7 bullfrogs
  3 scorpions
  13 wights
  4 killer bees
  2 howler monkeys
  2 jellies
  3 hounds
  5 orc priests
  4 iguanas
  A sleepcap (D:7)
  Terence (D:3)
  11 orc wizards
  A gnoll (D:5)
  12 adders
  A shadow imp (D:6)
  2 ufetubi
  5 worms
  4 dart slugs
  25 orcs
  4 bats
  5 endoplasms
  5 giant cockroaches
  7 goblins
  8 hobgoblins
  3 quokkas
  5 ball pythons
  2 frilled lizards
  5 kobolds
  4 rats
260 creatures vanquished.

Vanquished Creatures (collateral kills)
  2 centaurs (D:11)
  A gnoll sergeant (D:11)
3 creatures vanquished.

Vanquished Creatures (others)
  An orc warrior (D:11)
  An orc wizard (D:11)
  2 orcs
  A butterfly (D:8)
5 creatures vanquished.

Grand Total: 268 creatures vanquished

Notes
Turn   | Place    | Note
-------+----------+-------------------------------------------
     0 | D:1      | avis the Hill Orc Fighter began the quest for the Orb.
     0 | D:1      | Reached XP level 1. HP: 19/19 MP: 1/1
    45 | D:1      | Found Noxkup's Armour Shoppe.
   252 | D:1      | You fall into a shaft and drop 1 floor!
   262 | D:2      | Reached XP level 2. HP: 23/27 MP: 2/2
   289 | D:2      | Reached XP level 3. HP: 23/33 MP: 3/3
  1177 | D:1      | Reached skill level 5 in Axes
  1509 | D:3      | Reached XP level 4. HP: 34/40 MP: 4/4
  1640 | D:3      | Found Laysk's Assorted Antiques.
  1665 | D:3      | Bought a scroll of identify for 58 gold pieces
  1800 | D:3      | Noticed an ice beast
  1807 | D:3      | Killed an ice beast
  1808 | D:3      | Reached XP level 5. HP: 46/46 MP: 5/5
  1945 | D:3      | Noticed Terence
  1956 | D:3      | Killed Terence
  2258 | D:3      | Bought a scroll labelled CEUXAA GYXIFFU for 29 gold pieces
  2553 | D:4      | Reached XP level 6. HP: 33/52 MP: 6/6
  2871 | D:4      | Found a hide-covered altar of Uskayaw.
  3569 | D:5      | Entered Level 5 of the Dungeon
  3676 | D:5      | Found a shadowy altar of Dithmenos.
  3690 | D:5      | Reached XP level 7. HP: 59/59 MP: 7/7
  3985 | D:5      | Became a worshipper of Beogh the Brigand
  4002 | D:5      | Reached skill level 10 in Axes
  4372 | D:5      | Found a staircase to the Ecumenical Temple.
  4380 | Temple   | Entered the Ecumenical Temple
  4666 | D:6      | Reached skill level 1 in Invocations
  4666 | D:6      | Reached XP level 8. HP: 53/67 MP: 7/9
  4667 | D:6      | Reached skill level 2 in Invocations
  4684 | D:6      | Reached skill level 3 in Invocations
  4690 | D:6      | Reached skill level 5 in Fighting
  4768 | D:6      | Reached skill level 4 in Invocations
  4925 | D:6      | Found Genlinwu's Neck Hole.
  5136 | D:6      | Reached skill level 5 in Invocations
  5167 | D:6      | Reached skill level 13 in Invocations
  5167 | D:6      | Reached XP level 9. HP: 74/74 MP: 11/19
  5441 | D:6      | Noticed Edmund
  5453 | D:6      | Killed Edmund
  5453 | D:6      | Reached * piety under Beogh
  5572 | D:6      | Found an ancient bone altar of Kikubaaqudgha.
  5577 | D:6      | Found a glowing silver altar of Zin.
  6288 | D:7      | Reached skill level 5 in Armour
  6522 | D:8      | Reached XP level 10. HP: 72/80 MP: 20/20
  6652 | D:8      | Reached skill level 14 in Invocations
  7058 | D:8      | Found a shimmering altar of Xom.
  7097 | D:8      | Found a white marble altar of Elyvilon.
  7486 | D:9      | Reached skill level 15 in Axes
  7503 | D:9      | HP: 3/76 [acid dragon/splash of acid (23)]
  7704 | D:9      | Noticed Joseph
  7720 | D:9      | Killed Joseph
  7933 | D:9      | Reached ** piety under Beogh
  8222 | D:9      | Found a staircase to the Lair.
  8295 | D:9      | Reached skill level 5 in Shields
  8297 | D:9      | Reached XP level 11. HP: 72/86 MP: 22/22
  8370 | D:9      | Noticed a two-headed ogre
  8377 | D:9      | Killed a two-headed ogre
  8378 | D:9      | Reached skill level 15 in Invocations
  8970 | D:9      | Upgraded the game from 0.31-a0-222-gefeffbb62a to
                  | 0.31-a0-229-g1fc7ce93e2
  8974 | D:9      | Learned a level 3 spell: Call Canine Familiar
  9014 | Lair:1   | Entered Level 1 of the Lair of Beasts
  9128 | D:9      | Reached skill level 1 in Summonings
  9326 | Lair:1   | Reached skill level 1 in Spellcasting
  9349 | Lair:1   | You fall into a shaft and drop 1 floor!
  9563 | Lair:2   | Reached skill level 16 in Invocations
  9791 | Lair:2   | Reached *** piety under Beogh
 10037 | Lair:1   | Reached skill level 17 in Invocations
 10449 | Lair:1   | Reached XP level 12. HP: 78/96 MP: 24/24
 10618 | Lair:1   | Upgraded the game from 0.31-a0-229-g1fc7ce93e2 to
                  | 0.31-a0-233-g139696dc86
 10993 | D:10     | Entered Level 10 of the Dungeon
 11199 | D:10     | Noticed a two-headed ogre
 11225 | D:10     | Killed a two-headed ogre
 11415 | D:10     | Gained mutation: You are clumsy. (Dex -2) [potion of
                  | mutation]
 11415 | D:10     | Gained mutation: You have sharp toenails. [potion of
                  | mutation]
 11415 | D:10     | Gained mutation: Your magical capacity is low. (-10% MP)
                  | [potion of mutation]
 11416 | D:10     | Lost mutation: You have sharp toenails. [potion of
                  | mutation]
 11416 | D:10     | Lost mutation: Your magical capacity is low. (-10% MP)
                  | [potion of mutation]
 11416 | D:10     | Lost mutation: You are clumsy. (Dex -2) [potion of
                  | mutation]
 11416 | D:10     | Gained mutation: Your muscles are strong. (Str +4, Int/Dex
                  | -1) [potion of mutation]
 11416 | D:10     | Gained mutation: Your body sometimes deteriorates upon
                  | taking damage. [potion of mutation]
 11416 | D:10     | Gained mutation: You occasionally shout uncontrollably at
                  | your foes. [potion of mutation]
 11416 | D:10     | Gained mutation: You are covered in fur. (AC +1) [potion of
                  | mutation]
 11452 | D:10     | Noticed Lodul
 11458 | D:10     | HP: 2/97 [Lodul/bolt of lightning (15)]
 11900 | D:10     | Killed Lodul
 12374 | D:10     | Found a blossoming altar of Fedhas.
 12406 | D:10     | Found a shimmering blue altar of Sif Muna.
 13214 | D:11     | Noticed a two-headed ogre
 13225 | D:11     | Noticed a boulder beetle
 13231 | D:11     | Noticed a boulder beetle
 13238 | D:11     | Killed a two-headed ogre
 13282 | D:11     | Killed a boulder beetle
 13283 | D:11     | Reached skill level 18 in Invocations
 13293 | D:11     | Killed a boulder beetle
 13298 | D:11     | Slain by a troll

Illustrated notes

Levels and vault maps discovered:
D:1:      dpeg_arrival_arbitrary_b, layout_basic, serial_shops,
          nicolae_shop_crystal, chequers_serial_rivers_marsh,
          amcnicky_mini_rare_corridor_liquid
D:2:      minmay_angry_zag, layout_rooms
D:3:      layout_loops_cross, serial_shops, nicolae_shop_advertising_works
          [nicolae_subvault_shop_adworks], uniq_terence
D:4:      layout_basic, mainiacjoe_overflow_24_doors, dk_noncrumbling_3,
          kennysheep_generic_room_16
D:5:      layout_loops_cross, mainiacjoe_overflow_small_starburst,
          temple_statues, hangedman_decor_push, serial_park_tiny_pond,
          kennysheep_potato
D:6:      layout_basic, mainiacjoe_overflow_big_doors,
          nicolae_shop_sticking_my_neck_out, uniq_edmund, uniq_maggie
D:7:      layout_loops_ring
D:8:      layout_cave_pools, xom_butterflies, nicolae_elyvilon_peaceful_grove
D:9:      layout_irregular_city, grunt_lair_entry_orc_guard_hut, uniq_joseph
D:10:     layout_small_grid, led_sif_book, mainiacjoe_overflow_catwalk,
          uniq_lodul
D:11:     cheibrodos_ideogram_h, layout_loops_ring
Temple:   nicolae_temple_superstar
Lair:1:   layout_chaotic_city, chequers_serial_rivers_micro_c
Lair:2:   nzn_winding_woodlands_stair_cross [nzn_winding_woodlands_5x15_parted,
          nzn_winding_woodlands_center_lodge,
          nzn_winding_woodlands_5x15_crooked,
          nzn_winding_woodlands_5x5_closed_star,
          nzn_winding_woodlands_5x5_default,
          nzn_winding_woodlands_5x15_sidewinder,
          nzn_winding_woodlands_center_pierced_h,
          nzn_winding_woodlands_5x15_default], layout_long_grid,
          dummy_snake_entry

Skill      XL: |  1  2  3  4  5  6  7  8  9 10 11 12 |
---------------+-------------------------------------+-----
Fighting       | 4 5 6 7 |  7.0
Axes           | 3 4 5 7 9 10 14 15 16 | 16.0
Armour         | 4 5 7 |  7.0
Shields        | 4 5 7 |  7.0
Invocations    | 1 13 14 17 18 | 18.2
Summonings     | 1 4 |  4.1
Spellcasting   | 1 2 |  2.0

Action                     |  1- 3 |  4- 6 |  7- 9 | 10-12 || total
---------------------------+-------+-------+-------+-------++-------
  Melee: War axe           |    79 |   101 |   177 |   556 ||   913
   Fire: Sling             |    17 |    74 |    58 |    49 ||   198
   Cast: Call Canine Famil |       |       |       |     1 ||     1
 Invoke: Convert to Beogh  |       |       |     1 |       ||     1
         Smiting           |       |       |       |    10 ||    10
  Evoke: Piece from Xom's  |       |       |       |     7 ||     7
         Wand              |       |       |       |     2 ||     2
    Use: Scroll            |     7 |     4 |     8 |     7 ||    26
         Potion            |       |     3 |     2 |    12 ||    17
   Stab: Invisible         |       |       |       |     1 ||     1
         Confused          |       |       |       |     1 ||     1
 Armour: Scale mail        |    38 |    36 |    42 |     9 ||   125
         Skin              |       |     1 |       |     1 ||     2
         Acid dragon scale |       |       |       |   110 ||   110
         Chain mail        |       |       |       |    22 ||    22
         Troll leather arm |       |       |       |    49 ||    49
  Dodge: Dodged            |    37 |    87 |    80 |   352 ||   556
  Block: Buckler           |    25 |    21 |    28 |   125 ||   199

Table legend: (Time is in decaauts)
 A = Elapsed time spent in this place.
 B = Non-inter-level travel time spent in this place.
 C = Inter-level travel time spent in this place.
 D = Time resting spent in this place.
 E = Time spent auto-exploring this place.
 F = Levels seen in this place.
 G = Mean time per level.
                   A        B        C        D        E       F      G
               +--------+--------+--------+--------+--------+-----+--------+
         Total |  13230 |  12151 |   1079 |   3114 |   5989 |  14 |  945.0 |
       Dungeon |  11608 |  10532 |   1076 |   2644 |   5201 |  11 | 1055.3 |
        Temple |     23 |     21 |      2 |      0 |      0 |   1 |   23.0 |
          Lair |   1599 |   1599 |      0 |    470 |    788 |   2 |  799.5 |
               +--------+--------+--------+--------+--------+-----+--------+

Top non-repeatable levels by time:
     D:9: 2536 daAuts
    D:10: 1198 daAuts
     D:6: 1134 daAuts
     D:3: 1133 daAuts
     D:5: 1053 daAuts
     D:4: 1034 daAuts
     D:8: 985 daAuts
  Lair:1: 954 daAuts
     D:1: 800 daAuts
     D:7: 796 daAuts
     D:2: 722 daAuts
  Lair:2: 644 daAuts
    D:11: 213 daAuts
  Temple: 23 daAuts
